 Dungeon Crawl Stone Soup version 0.24-a0-639-gb70a11d811 (webtiles) character file.

Game seed: 13588464900971611335, levelgen mode: deterministic

711310 OnionEater the Slayer (level 27, -3/192 HPs)
             Began as a Gargoyle Earth Elementalist on Sept 20, 2019.
             Was the Champion of Vehumet.
             Slain by a bennu (12 damage)
             ... on level 18 of a ziggurat on Sept 21, 2019.
             The game lasted 05:57:07 (78369 turns).

OnionEater the Slayer (GrEE)                       Turns: 78369, Time: 05:57:08

Health: -3/192     AC: 29    Str: 19    XL:     27
Magic:  58/71      EV: 19    Int: 32    God:    Vehumet [******]
Gold:   12477      SH:  0    Dex: 10    Spells: 7/67 levels left

rFire    + + +     SeeInvis .   W - staff of power
rCold    + + +     Gourm    +   (no shield)
rNeg     + . .     Faith    .   p - +2 robe {Archmagi}
rPois    ∞         Spirit   .   (no helmet)
rElec    +         Reflect  .   r - scarf {rC+ rF+}
rCorr    +         Harm     .   Q - +0 pair of gloves of Bauthucoces {+Inv Stlth+}
MR       +++..                  j - +2 pair of boots
Stlth    ++........             h - amulet of Osuofil {Gourm +Fly MR+}
HPRegen  0.42/turn              G - ring "Wosioppo" {rF+ MP+9}
MPRegen  0.42/turn              u - ring of Tonken Gexa {Wiz rElec rC+ Str+3 Stlth-}

@: brilliant, resistant, flying, hasted, studying Fighting, very quick
A: big wings, negative energy resistance 1, electricity resistance, strong 1,
wild magic 2, unbreathing, petrification resistance, rot immunity, sturdy frame
1, AC +20
}: 4/15 runes: decaying, serpentine, slimy, silver
a: Stop Flying, Renounce Religion, Evoke Invisibility


You were on level 18 of a ziggurat.
You worshipped Vehumet.
Vehumet was exalted by your worship.
You were full.

You visited 11 branches of the dungeon, and saw 53 of its levels.
You visited the Abyss 2 times.
You visited 1 ziggurat, and saw 18 of its levels.
You also visited: Ice Cave.

You collected 16126 gold pieces.
You spent 3649 gold pieces at shops.

Inventory:

Hand Weapons
 J - a +9 demon whip of slashing
Missiles
 a - 5 throwing nets
 c - 14 stones (quivered)
Armour
 j - a +2 pair of boots (worn)
 p - a +2 robe of the Archmagi (worn)
 r - a scarf of resistance (worn)
 Q - the +0 pair of gloves of Bauthucoces (worn) {+Inv Stlth+}
   (You found it on level 17 of a ziggurat)

   It lets you turn invisible.
   It makes you more stealthy.
Magical Staves
 W - an uncursed staff of power (weapon)
Jewellery
 h - the amulet of Osuofil (around neck) {Gourm +Fly MR+}
   (You took it off a spriggan on level 3 of the Lair of Beasts)

   [amulet of the gourmand]

   It allows you to eat raw meat even when not hungry.
   It affects your resistance to hostile enchantments.
   It lets you fly.
 m - the ring "Mietwext" {rF++ rN+ Slay+1}
   (You found it on level 13 of a ziggurat)

   [ring of slaying]

   It affects your accuracy and damage with ranged weapons and melee attacks
   (+1).
   It greatly protects you from fire.
   It protects you from negative energy.
 u - the ring of Tonken Gexa (right hand) {Wiz rElec rC+ Str+3 Stlth-}
   (You found it on level 8 of a ziggurat)

   [ring of wizardry]

   It improves your spell success rate.
   It affects your strength (+3).
   It protects you from cold.
   It insulates you from electricity.
   It makes you less stealthy.
 G - the ring "Wosioppo" (left hand) {rF+ MP+9}
   (You found it on level 9 of a ziggurat)

   [ring of protection from fire]

   It protects you from fire.
   It affects your magic capacity (+9).
 U - the amulet of the Four Winds {rN+ MR+++ Clar}
   (You found it on level 16 of a ziggurat)

   [amulet of nothing]

   It protects you from negative energy.
   It affects your resistance to hostile enchantments.
   It protects you against confusion.
 X - an uncursed ring of resist corrosion
Wands
 g - a wand of digging (11)
 n - a wand of paralysis (65)
 v - a wand of iceblast (46)
 w - a wand of polymorph (33)
 A - a wand of acid (29)
 Y - a wand of disintegration (15)
Scrolls
 f - 28 scrolls of teleportation
 k - 34 scrolls of remove curse
 l - 2 scrolls of enchant weapon
 o - 7 scrolls of fear
 y - 4 scrolls of holy word
 B - 8 scrolls of blinking
 E - 31 scrolls of identify
 H - a scroll of summoning
 K - 10 scrolls of amnesia
 S - a scroll of brand weapon
 T - 10 scrolls of magic mapping
 Z - 5 scrolls of fog
Potions
 e - 17 potions of heal wounds
 i - a potion of resistance
 q - 4 potions of mutation
 s - 13 potions of curing
 t - 3 potions of ambrosia
 x - 4 potions of magic
 z - a potion of invisibility
 C - 11 potions of haste
 F - 2 potions of berserk rage
 L - 9 potions of agility
 M - 11 potions of might
 R - 5 potions of brilliance
 V - 4 potions of cancellation
Books
 D - a manual of Fighting
Miscellaneous
 b - 2 phantom mirrors
 I - 6 boxes of beasts
 N - a lamp of fire
 O - a lightning rod (4/4)
 P - a phial of floods
Comestibles
 d - 51 rations


   Skills:
 + Level 24.4 Fighting
 - Level 14.0 Maces & Flails
 - Level 6.0 Armour
 - Level 15.0 Dodging
 - Level 2.1 Stealth
 + Level 20.7 Spellcasting
 - Level 16.0 Conjurations
   Level 0.7 Transmutations
 - Level 22.0 Fire Magic
 + Level 16.7 Ice Magic
 - Level 22.0 Earth Magic
 + Level 8.4 Evocations


You had 7 spell levels left.
You knew the following spells:

 Your Spells              Type           Power        Failure   Level  Hunger
a - Shatter               Erth           #########.   3%          9    ######.
b - Stone Arrow           Conj/Erth      ######       1%          3    None
c - Lee's Rapid Deconstr  Erth           #########.   1%          5    None
d - Iron Shot             Conj/Erth      #########.   1%          6    None
e - Fireball              Conj/Fire      #########.   1%          5    None
f - Bolt of Fire          Conj/Fire      #########.   1%          6    None
g - Ignition              Fire           #########.   1%          8    ####...
i - Fire Storm            Conj/Fire      #########.   8%          9    ######.
j - Glaciate              Conj/Ice       #########.   19%         9    ######.

Your spell library contained the following spells:

 Spells                   Type           Power        Failure   Level  Hunger
 Tornado                  Air            #######...   100%        9    ######.
 Animate Skeleton         Necr           N/A          1%          1    None
 Apportation              Tloc           ######       1%          1    None
 Beastly Appendage        Tmut           ######       1%          1    None
 Confusing Touch          Hex            ######       1%          1    None
 Corona                   Hex            #######      1%          1    None
 Freeze                   Ice            ####         1%          1    None
 Infusion                 Chrm           ####         1%          1    None
 Magic Dart               Conj           ####         1%          1    None
 Pain                     Necr           ####         1%          1    None
 Sandblast                Erth           ######       1%          1    None
 Shock                    Conj/Air       ####         1%          1    None
 Sting                    Conj/Pois      ####         1%          1    None
 Summon Butterflies       Summ           #######.     1%          1    None
 Summon Small Mammal      Summ           ####         1%          1    None
 Blink                    Tloc           N/A          1%          2    None
 Call Imp                 Summ           #######.     1%          2    None
 Corpse Rot               Necr           N/A          1%          2    None
 Ensorcelled Hibernation  Hex/Ice        ######       1%          2    None
 Passwall                 Tmut/Erth      ########     1%          2    None
 Poisonous Vapours        Pois/Air       ######       1%          2    None
 Searing Ray              Conj           ######       1%          2    None
 Shroud of Golubria       Chrm/Tloc      ######       1%          2    None
 Slow                     Hex            #######.     1%          2    None
 Song of Slaying          Chrm           #######.     1%          2    None
 Sticks to Snakes         Tmut           #######.     1%          2    None
 Swiftness                Chrm/Air       #######.     1%          2    None
 Throw Frost              Conj/Ice       ######       1%          2    None
 Call Canine Familiar     Summ           #######.     1%          3    None
 Confuse                  Hex            #######.     1%          3    None
 Conjure Flame            Conj/Fire      ########     1%          3    None
 Dazzling Spray           Conj/Hex       ######       1%          3    None
 Gell's Gravitas          Tloc           #######...   1%          3    None
 Ignite Poison            Fire/Tmut/Pois ########     1%          3    None
 Inner Flame              Hex/Fire       ########     1%          3    None
 Lesser Beckoning         Tloc           #######...   1%          3    None
 Mephitic Cloud           Conj/Pois/Air  ########     1%          3    None
 Ozocubu's Armour         Chrm/Ice       ########     1%          3    None
 Portal Projectile        Hex/Tloc       ######       1%          3    None
 Recall                   Summ/Tloc      N/A          1%          3    None
 Regeneration             Chrm/Necr      #######...   1%          3    None
 Spider Form              Tmut/Pois      #######...   1%          3    None
 Static Discharge         Conj/Air       ########     1%          3    None
 Summon Guardian Golem    Hex/Summ       #######.     1%          3    None
 Teleport Other           Tloc           #######.     1%          3    None
 Tukima's Dance           Hex            #######.     1%          3    None
 Vampiric Draining        Necr           #######...   1%          3    None
 Force Lance              Conj/Tloc      ########     1%          4    None
 Ice Form                 Ice/Tmut       ########     1%          4    None
 Leda's Liquefaction      Hex/Erth       ########..   1%          4    None
 Petrify                  Tmut/Erth      ########     1%          4    None
 Sticky Flame             Conj/Fire      ########     1%          4    None
 Summon Ice Beast         Ice/Summ       ########     1%          4    None
 Throw Icicle             Conj/Ice       ########     1%          4    None
 Bolt of Draining         Conj/Necr      ########..   1%          5    None
 Bolt of Magma            Conj/Fire/Erth #########.   1%          5    None
 Borgnjor's Vile Clutch   Necr/Erth      ########..   1%          5    None
 Irradiate                Conj/Tmut      ########..   1%          5    None
 Iskenderun's Battlesphe  Conj/Chrm      ########     1%          5    None
 Lightning Bolt           Conj/Air       ########..   1%          5    None
 Metabolic Englaciation   Hex/Ice        ########..   1%          5    None
 Venom Bolt               Conj/Pois      ########..   1%          5    None
 Bolt of Cold             Conj/Ice       #########.   1%          6    None
 Conjure Ball Lightning   Conj/Air       ########..   1%          6    None
 Freezing Cloud           Conj/Ice/Air   ########..   1%          6    None
 Ozocubu's Refrigeration  Ice            #########.   1%          6    None
 Poison Arrow             Conj/Pois      ########..   1%          6    None
 Simulacrum               Ice/Necr       ########..   1%          6    None
 Orb of Destruction       Conj           #########.   1%          7    ##.....
 Airstrike                Air            #######...   2%          4    None
 Animate Dead             Necr           N/A          2%          4    None
 Cause Fear               Hex            #######...   2%          4    None
 Olgreb's Toxic Radiance  Pois           #######.     2%          4    None
 Passage of Golubria      Tloc           N/A          2%          4    None
 Summon Lightning Spire   Summ/Air       #######.     2%          4    None
 Ring of Flames           Chrm/Fire      ########..   2%          7    ##.....
 Blade Hands              Tmut           #######...   4%          5    None
 Alistair's Intoxication  Tmut/Pois      #######.     5%          5    None
 Yara's Violent Unravell  Hex/Tmut       #######...   5%          5    None
 Agony                    Necr           #######.     6%          5    None
 Aura of Abjuration       Summ           #######...   6%          5    None
 Excruciating Wounds      Chrm/Necr      #######...   6%          5    None
 Silence                  Hex/Air        #######...   6%          5    None
 Summon Forest            Summ/Tloc      #######...   6%          5    None
 Summon Mana Viper        Hex/Summ       #######.     6%          5    None
 Spellforged Servitor     Conj/Summ      ########..   7%          7    ##.....
 Hydra Form               Tmut           #######...   19%         6    None
 Darkness                 Hex            #######...   22%         6    None
 Death Channel            Necr           #######...   22%         6    None
 Deflect Missiles         Chrm/Air       #######...   22%         6    None
 Dispersal                Tloc           #######...   22%         6    None
 Invisibility             Hex            #######.     22%         6    None
 Shadow Creatures         Summ           N/A          22%         6    None
 Haunt                    Necr/Summ      #######...   67%         7    ##.....
 Malign Gateway           Summ/Tloc      #######...   67%         7    ##.....
 Summon Hydra             Summ           #######...   67%         7    ##.....
 Lehudib's Crystal Spear  Conj/Erth      #########.   1%          8    ####...
 Chain Lightning          Conj/Air       ########..   32%         8    ####...
 Borgnjor's Revivificati  Necr           #######...   99%         8    ####...
 Controlled Blink         Tloc           N/A          99%         8    ####...
 Death's Door             Chrm/Necr      #######...   99%         8    ####...
 Discord                  Hex            #######...   99%         8    ####...
 Disjunction              Tloc           #######...   99%         8    ####...
 Infestation              Necr           #######...   99%         8    ####...
 Necromutation            Tmut/Necr      #######...   99%         8    ####...
 Sublimation of Blood     Necr           Unusable     N/A         2    N/A
 Statue Form              Tmut/Erth      Unusable     N/A         6    N/A

Dungeon Overview and Level Annotations

Branches:
Dungeon (15/15)            Temple (1/1) D:5            Lair (6/6) D:10
  Swamp (4/4) Lair:2        Snake (4/4) Lair:3        Slime (5/5) Lair:6
    Orc (2/2) D:11            Elf (3/3) Orc:2        Vaults (5/5) D:13
  Crypt (3/3) Vaults:3       Tomb (0/3) Crypt:3      Depths (5/5) D:15
    Zot (0/5) Depths:5      IceCv (visited)

Altars:
Ashenzari
Cheibriados
Dithmenos
Elyvilon
Fedhas
Gozag
Hepliaklqana
Kikubaaqudgha
Makhleb
Nemelex Xobeh
Okawaru
Qazlal
Ru
Sif Muna
Trog
Uskayaw
Vehumet
Wu Jian
Xom
Yredelemnul
Zin
The Shining One
Jiyva
Lugonu

Shops:
D:7 (   D:9 !   Orc:1 ?   Orc:2 *%(*   Elf:1 [   Elf:2 ?   Vaults:1 *
Depths:1 (?   Depths:2 *(   Depths:5 }==

Portals:
Hell: Depths:1 Depths:2 Depths:3 Depths:4 Depths:5
Abyss: Depths:1 Depths:3 Depths:4
Pandemonium: Depths:3

Annotations:
D:11 2 runed translucent doors
D:14 1 transporter, Qudghomp's ghost, journeyman GrEE
Lair:1 1 runed translucent door, Dulesk's ghost, journeyman MiFi
Elf:2 3 runed translucent doors


Innate Abilities, Weirdness & Mutations

You are resistant to torment.
Your stone body is resilient. (AC +20)
You are immune to poison.
Your large and strong wings let you fly indefinitely.
You resist negative energy. (rN+)
You are resistant to electric shocks. (rElec)
You can survive without breathing.
You are immune to petrification.
You are immune to rotting.
Your muscles are strong. (Str +2)
Your spells are harder to cast, but more powerful.
Your movements are slightly less encumbered by armour. (ER -2)


Message History

You feel your power returning.
You feel a bit more experienced. Vehumet accepts your kill.
You feel your power returning.
You feel a bit more experienced.
The fireball engulfs the bennu.
The bennu completely resists.
The bennu is almost dead.
Vehumet accepts your kill.
You feel your power returning.
You feel a bit more experienced.
The fireball engulfs the bennu.
The bennu completely resists.
The bennu is almost dead.
You feel extremely nervous for a moment...
You hear strange and distant voices.
You feel extremely nervous for a moment...
You convulse helplessly as pain tears through your body!
* * * LOW HITPOINT WARNING * * *
The bennu closely misses you. The bennu claws you!
* * * LOW HITPOINT WARNING * * *
The bennu claws you!
* * * LOW HITPOINT WARNING * * *
Something hits your fire vortex. The bennu pecks you!
You die...

.#§#.............#≈#....
.§§§....................
........................
........................
........................
°.......................
°.v.v.†.................
.b..°.b@................
†vv.°...................
†.v.v...................
........................
v.......................
Z.v....v................
........................
.#≈#.............#≈#....


You could see 2 bennus, a sphinx skeleton and 9 friendly fire vortices.

Vanquished Creatures
  the Royal Jelly (Slime:5)
  Mara (Crypt:3)
  The ghost of Azxemoug the Bringer of Law, a legendary HOFi of Zin (Vaults:4)
  A juggernaut (Depths:3)
  2 ancient liches
  8 greater mummies
  Sojobo (Vaults:3)
  Vashnia (Snake:2)
  the Lernaean hydra (Swamp:4)
  Xtahua (Vaults:3)
  Margery (Depths:1)
  A caustic shrike (Zig:15)
  10 golden dragons
  Nikola (Swamp:4)
  Jory (Vaults:3)
  A profane servitor (Crypt:3)
  3 bone dragons
  3 liches
  3 iron giants (Zig:15)
  2 hellephants (Zig:9)
  3 tentacled monstrosities
  3 Hell Sentinels (Zig:15)
  10 titans
  4 deep elf blademasters
  5 deep elf master archers
  2 quicksilver dragons
  6 ancient champions
  4 sphinxes
  9 storm dragons
  2 tentacled starspawn
  23 acid blobs
  2 thorn hunters
  Agnes (Snake:2)
  Kirke (Lair:4)
  2 shadow dragons (Vaults:5)
  13 azure jellies
  6 tengu reavers
  2 revenants
  19 nagarajas
  12 fire giants
  5 draconian monks (Zig:16)
  16 frost giants
  Aizul (Snake:3)
  A frost giant (shapeshifter) (Vaults:5)
  A draconian knight (Zig:16)
  A ghost moth (Zig:6)
  An orc warlord (Orc:2)
  4 iron dragons
  13 vault wardens
  11 deep elf sorcerers
  3 draconian scorchers
  2 deep elf elementalists (Elf:3)
  The ghost of skumtomte the Stormcaller, an adept TeAE of Vehumet (Snake:3)
  6 draconian stormcallers (Zig:16)
  A caustic shrike zombie (Zig:10)
  An emperor scorpion (Zig:6)
  A ghoul (Crypt:3)
  Louise (Swamp:1)
  2 angels (Depths:4)
  2 draconian shifters (Zig:16)
  A caustic shrike skeleton (Zig:18)
  10 ironheart preservers
  29 stone giants
  23 very ugly things
  A war gargoyle (Vaults:5)
  2 black draconians (Zig:16)
  The ghost of Tyib the Severer, a journeyman MiFi of the Shining One (Lair:5)
  12 deep elf demonologists
  Nessos (Lair:6)
  6 entropy weavers
  14 vampire knights
  A white draconian (Zig:16)
  A green draconian (Zig:16)
  11 spark wasps
  13 deep elf annihilators
  4 red draconians
  2 purple draconians
  4 yellow draconians
  6 mummy priests (Zig:18)
  22 ettins
  A crystal guardian (Zig:15)
  13 deep elf death magi
  A quicksilver dragon zombie (Crypt:2)
  21 jiangshi
  11 fire dragons
  5 death oozes
  The ghost of Ge0ff the Placeless Halfling, a journeyman HaWr of Wu Jian (Lair:3)
  A merfolk javelineer (Depths:5)
  13 great orbs of eyes
  4 rakshasas
  11 deep elf high priests
  10 ice dragons
  14 yaktaur captains
  33 vault guards
  2 catoblepae
  A quicksilver dragon skeleton (Crypt:1)
  A great orb of eyes (shapeshifter) (D:14)
  3 ghost crabs
  27 hydras
  Harold (D:8)
  3 spriggan air magi
  17 naga warriors
  5 death knights (Crypt:3)
  3 shambling mangroves
  13 anacondas
  8 alligators
  15 centaur warriors
  20 ogre magi
  68 two-headed ogres
  26 death yaks
  A spectral stone giant (Crypt:3)
  8 deep troll earth magi
  17 dancing weapons
  9 deep troll shamans
  7 tengu warriors
  5 spriggan berserkers
  5 death scarabs (Zig:18)
  12 vampire magi
  3 thrashing horrors
  2 titan zombies (Depths:3)
  23 naga sharpshooters
  5 hell knights
  8 orc high priests
  12 deep elf knights
  A fire crab (shapeshifter) (Depths:2)
  13 shock serpents
  Nergalle (Lair:2)
  2 wretched stars (Zig:13)
  2 storm dragon zombies
  A soul eater (Crypt:2)
  A sixfirhy (D:8)
  2 titan skeletons
  2 death drakes
  3 iron trolls
  A golden dragon zombie (Zig:10)
  41 skeletal warriors
  A spatial maelstrom (Zig:13)
  6 salamander mystics
  An unseen horror (shapeshifter) (Abyss:2)
  11 shadow wraiths
  A spectral iron dragon (Crypt:3)
  A deep troll (shapeshifter) (Depths:5)
  4 flayed ghosts
  4 unseen horrors
  Pikel (D:6)
  11 swamp dragons
  10 naga ritualists
  29 deep trolls
  8 phantasmal warriors
  17 deep elf archers
  8 necromancers
  5 wizards
  5 glowing orange brains
  16 ironbrand convokers
  4 obsidian statues
  78 deep elf magi
  A lindwurm (Lair:6)
  14 orc knights
  4 wolf spiders
  3 harpies (Vaults:2)
  26 oklob plants
  A sphinx zombie (Crypt:1)
  59 ugly things
  2 golden dragon skeletons
  8 cyclopes
  A human zombie (Vaults:4)
  An anaconda skeleton (Crypt:1)
  5 mana vipers
  2 orb spiders (shapeshifter)
  10 shining eyes
  4 orc sorcerers
  A manticore (shapeshifter) (Depths:1)
  A shining eye (shapeshifter) (Depths:2)
  A fire giant zombie (Crypt:2)
  4 manticores
  11 elephants
  12 salamanders
  A frost giant zombie (Zig:10)
  58 black mambas
  4 guardian serpents
  17 vault sentinels
  A moth of wrath (shapeshifter) (Depths:4)
  An elephant (shapeshifter) (Vaults:5)
  A dire elephant zombie (Abyss:2)
  Psyche (D:8)
  A fire giant skeleton (Depths:4)
  2 apocalypse crabs
  8 eyes of devastation
  3 gargoyles
  35 naga magi
  3 ice statues
  2 smoke demons (Zig:13)
  A titan simulacrum (Zig:13)
  2 torpor snails (Zig:15)
  A spiny frog (shapeshifter) (Depths:2)
  A black draconian zombie (Crypt:1)
  23 spiny frogs
  53 yaktaurs
  6 rime drakes
  2 yaktaurs (shapeshifter) (Depths:2)
  4 kobold demonologists
  A tormentor (Abyss:2)
  15 freezing wraiths
  A redback zombie (Crypt:2)
  2 efreet
  9 tengu conjurers
  A komodo dragon (shapeshifter) (Elf:1)
  16 komodo dragons
  8 guardian mummies
  3 ancient zymes
  A demonic crawler (Zig:6)
  A red devil (Depths:3)
  A grey draconian skeleton (Crypt:2)
  10 ice devils
  2 polar bears
  A meliai (shapeshifter) (Depths:2)
  A jumping spider (Zig:6)
  6 trolls
  2 trolls (shapeshifter)
  A silent spectre (Abyss:2)
  A queen bee (D:11)
  A jumping spider (shapeshifter) (Vaults:5)
  24 hornets
  20 large abominations
  A tengu simulacrum (Vaults:4)
  6 tyrant leeches
  5 raiju
  18 blink frogs
  15 bog bodies
  A blink frog (shapeshifter) (Zig:17)
  117 slime creatures
  11 hippogriffs
  A stone giant simulacrum (Crypt:2)
  A spectral manticore (Crypt:3)
  A raiju (shapeshifter) (Vaults:4)
  7 dream sheep (Lair:3)
  A hippogriff (shapeshifter) (Vaults:1)
  A meliai zombie (D:13)
  62 flying skulls
  4 vampires
  10 spriggans
  2 ynoxinuls (Abyss:2)
  5 air elementals
  9 shadows
  29 yaks
  16 water elementals
  A human (shapeshifter) (Vaults:3)
  7 wyverns
  3 ushabtiu
  14 wraiths
  A yak (shapeshifter) (Vaults:3)
  3 basilisks
  20 humans (D:13)
  4 fire bats (Abyss:2)
  4 golden eyes (Slime:5)
  3 chaos spawn (Depths:4)
  A basilisk (shapeshifter) (Vaults:1)
  2 hungry ghosts
  2 elf skeletons
  A neqoxec (Zig:13)
  3 steam dragons (Zig:11)
  Menkaure (D:6)
  A yaktaur simulacrum (Vaults:1)
  15 swamp worms
  20 vampire mosquitoes
  4 hogs (Lair:4)
  An acid dragon (shapeshifter) (Elf:1)
  57 nagas
  A hydra simulacrum (Crypt:3)
  5 wargs
  7 acid dragons
  A hell hound (Zig:4)
  2 floating eyes (shapeshifter)
  17 water moccasins
  2 floating eyes (Depths:2)
  8 porcupines
  15 swamp drakes
  47 orc warriors
  7 ice beasts
  A deep troll skeleton (Crypt:2)
  8 phantoms
  2 sky beasts
  2 black bears
  6 eyes of draining
  An ice dragon simulacrum (Crypt:2)
  13 boggarts
  9 wolves
  A boggart (shapeshifter) (Depths:3)
  6 necrophages
  58 ogres
  7 centaurs
  16 crocodiles
  A crocodile (shapeshifter) (Vaults:5)
  A lindwurm skeleton (Crypt:2)
  4 big kobolds
  2 elf zombies
  23 bullfrogs
  A big kobold (shapeshifter) (Vaults:1)
  2 cyclops zombies (Depths:3)
  A rime drake skeleton (Crypt:1)
  3 wyvern zombies
  8 earth elementals
  3 wyvern skeletons
  3 scorpions
  6 jellies
  A water moccasin skeleton (Crypt:2)
  A raiju zombie (Crypt:1)
  9 small abominations
  10 wights
  28 killer bees
  3 howler monkeys
  3 electric eels
  3 lava snakes (Snake:4)
  A wolf zombie (Crypt:1)
  11 centaur zombies
  9 crimson imps
  9 starcursed masses
  6 hounds
  4 bullfrog zombies
  50 orc priests
  15 centaur skeletons
  2 iron imps (Abyss:2)
  Ijyb (D:4)
  11 hell rats
  3 bullfrog skeletons
  10 iguanas
  35 orc wizards
  10 worker ants
  A killer bee zombie (D:6)
  A crocodile skeleton (Crypt:2)
  A hound zombie (D:5)
  13 mummies
  A howler monkey skeleton (D:2)
  32 adders
  10 gnolls
  11 river rats (Lair:1)
  5 shadow imps
  13 white imps
  9 ufetubi
  3 oozes
  An adder zombie (D:5)
  A lava snake zombie (Crypt:1)
  2 adder skeletons
  3 worms
  A barachi skeleton (Crypt:1)
  4 dart slugs
  4 leopard geckos
  138 orcs
  7 bats
  3 giant cockroaches
  6 goblins
  10 hobgoblins
  10 jackals
  5 quokkas
  3 ball pythons
  A ball python (shapeshifter) (Vaults:5)
  9 frilled lizards
  15 kobolds
  A kobold zombie (Crypt:2)
  10 rats
  A spectral orc (D:9)
  7 crawling corpses (Zig:14)
  6 fire vortices
  23 plants
3098 creatures vanquished.

Vanquished Creatures (collateral kills)
  An acid blob (Slime:5)
  An azure jelly (Slime:5)
  Josephine (D:13)
  A death yak (Lair:6)
  An iron troll (Depths:5)
  An ugly thing (Vaults:3)
  A slime creature (Slime:5)
  A wraith (D:13)
  2 yaks (Lair:6)
  A necrophage (D:13)
  A crocodile (Lair:6)
  A mummy (Zig:7)
  3 orcs (D:13)
16 creatures vanquished.

Vanquished Creatures (others)
  A reaper (IceCv)
  A wretched star (Zig:13)
  A deep elf mage (Elf:1)
  3 ugly things (D:15)
  A rime drake (Zig:11)
  A human (Lair:4)
  A swamp drake (Swamp:4)
  An orc warrior (D:15)
  2 white imps (IceCv)
  2 ufetubi (IceCv)
  An orc (Depths:2)
  12 bushes
  52 fire vortices
  20 fungi
  41 plants
  2 starspawn tentacles (Zig:4)
142 creatures vanquished.

Grand Total: 3256 creatures vanquished

Notes
Turn   | Place    | Note
-------+----------+-------------------------------------------
     0 | D:1      | OnionEater the Gargoyle Earth Elementalist began the quest
                  | for the Orb.
     0 | D:1      | Reached XP level 1. HP: 10/10 MP: 3/3
   334 | D:1      | Reached XP level 2. HP: 15/15 MP: 5/5
   407 | D:1      | Gained mutation: Your body sometimes deteriorates upon
                  | taking damage. [potion of mutation]
   407 | D:1      | Gained mutation: Armour fits poorly on your strangely
                  | shaped body. [potion of mutation]
   407 | D:1      | Gained mutation: You are robust. (+10% HP) [potion of
                  | mutation]
   408 | D:1      | Lost mutation: Your body sometimes deteriorates upon taking
                  | damage. [potion of mutation]
   408 | D:1      | Lost mutation: You are robust. (+10% HP) [potion of
                  | mutation]
   408 | D:1      | Lost mutation: Armour fits poorly on your strangely shaped
                  | body. [potion of mutation]
   408 | D:1      | Gained mutation: You expend magic power (3 MP) to
                  | strengthen your wands. [potion of mutation]
   408 | D:1      | Gained mutation: You are resistant to hostile enchantments.
                  | (MR+) [potion of mutation]
   409 | D:1      | Lost mutation: You expend magic power (3 MP) to strengthen
                  | your wands. [potion of mutation]
   409 | D:1      | Lost mutation: You are resistant to hostile enchantments.
                  | (MR+) [potion of mutation]
   409 | D:1      | Gained mutation: You are partially covered in rugged brown
                  | scales. (AC +1, +3% HP) [potion of mutation]
   409 | D:1      | Gained mutation: You evolve. [potion of mutation]
   409 | D:1      | Gained mutation: You expend magic power (3 MP) to
                  | strengthen your wands. [potion of mutation]
   770 | D:1      | Gained mutation: Your muscles are strong. (Str +2)
                  | [evolution]
   963 | D:2      | Reached XP level 3. HP: 19/19 MP: 0/7
  1128 | D:2      | Reached XP level 4. HP: 8/24 MP: 4/8
  1484 | D:2      | Reached skill level 5 in Earth Magic
  1499 | D:2      | Learned a level 3 spell: Stone Arrow
  1923 | D:2      | Reached skill level 1 in Conjurations
  1923 | D:2      | Reached XP level 5. HP: 28/28 MP: 6/10
  1930 | D:2      | Learned a level 5 spell: Lee's Rapid Deconstruction
  2274 | D:3      | You fall into a shaft and drop 2 floors!
  2274 | D:5      | Entered Level 5 of the Dungeon
  2277 | D:5      | Found a staircase to the Ecumenical Temple.
  2287 | Temple   | Entered the Ecumenical Temple
  2587 | Temple   | Became a worshipper of Vehumet
  2664 | D:5      | Noticed a phantom
  2678 | D:5      | Killed a phantom
  2678 | D:5      | Reached XP level 6. HP: 30/32 MP: 4/11
  2757 | D:5      | Noticed a phantom
  2764 | D:5      | Killed a phantom
  2873 | D:4      | Reached XP level 7. HP: 31/37 MP: 13/13
  2939 | D:4      | Noticed Ijyb
  2962 | D:4      | Killed Ijyb
  3214 | D:4      | Reached skill level 1 in Fighting
  3307 | D:3      | Reached * piety under Vehumet
  3307 | D:3      | Offered knowledge of Flame Tongue by Vehumet.
  3654 | D:3      | Reached skill level 1 in Armour
  3654 | D:3      | Reached skill level 1 in Evocations
  3679 | D:3      | Reached XP level 8. HP: 44/44 MP: 5/15
  4603 | D:5      | Reached skill level 1 in Maces & Flails
  4617 | D:5      | Reached skill level 5 in Spellcasting
  4731 | D:5      | Reached skill level 2 in Fighting
  5103 | D:6      | Found a sparkling altar of Nemelex Xobeh.
  5180 | D:6      | Reached ** piety under Vehumet
  5192 | D:6      | Offered knowledge of Throw Flame by Vehumet.
  5200 | D:6      | Noticed Pikel
  5205 | D:6      | Noticed Menkaure
  5215 | D:6      | Killed Menkaure
  5488 | D:6      | Found a bloodstained altar of Trog.
  5585 | D:6      | Reached XP level 9. HP: 32/50 MP: 3/17
  5596 | D:6      | Reached skill level 3 in Fighting
  5761 | D:6      | Killed Pikel
  5761 | D:6      | Reached skill level 5 in Conjurations
  5834 | D:6      | Offered knowledge of Conjure Flame by Vehumet.
  6095 | D:7      | Noticed a troll
  6099 | D:7      | Killed a troll
  6099 | D:7      | Reached skill level 4 in Fighting
  6104 | D:7      | Reached *** piety under Vehumet
  6107 | D:7      | Found a runed translucent door.
  6113 | D:7      | Noticed a manticore
  6113 | D:7      | Found a runed translucent door.
  6114 | D:7      | Noticed a brown ugly thing
  6114 | D:7      | Noticed a manticore
  6120 | D:7      | Killed a manticore
  6120 | D:7      | Reached XP level 10. HP: 29/59 MP: 6/19
  6324 | D:7      | Found a runed translucent door.
  6405 | D:7      | Gained mutation: Your flesh is heat resistant. (rF+)
                  | [evolution]
  6579 | D:7      | Found Qowkenn's Weapon Shoppe.
  6622 | D:7      | Offered knowledge of Airstrike by Vehumet.
  6982 | D:7      | Found a hide-covered altar of Uskayaw.
  6982 | D:7      | Found a snail-covered altar of Cheibriados.
  7215 | D:7      | Killed a manticore
  7215 | D:7      | Reached skill level 5 in Fighting
  7215 | D:7      | Reached skill level 5 in Armour
  7216 | D:7      | Killed a brown ugly thing
  7281 | D:8      | Noticed Psyche
  7287 | D:8      | Killed Psyche
  7546 | D:8      | Noticed a gargoyle
  7560 | D:8      | Killed a gargoyle
  7720 | D:8      | Noticed a two-headed ogre
  7728 | D:8      | Killed a two-headed ogre
  7728 | D:8      | Reached **** piety under Vehumet
  7728 | D:8      | Reached XP level 11. HP: 65/65 MP: 19/21
  7761 | D:8      | Noticed a two-headed ogre
  7833 | D:8      | Killed a two-headed ogre
  7833 | D:8      | Offered knowledge of Fulminant Prism by Vehumet.
  7833 | D:8      | Reached skill level 5 in Maces & Flails
  7897 | D:8      | Noticed a two-headed ogre
  7905 | D:8      | Killed a two-headed ogre
  7905 | D:8      | Reached skill level 6 in Fighting
  7905 | D:8      | Reached skill level 5 in Evocations
  7969 | D:8      | Noticed Harold
  7978 | D:8      | Killed Harold
  8120 | D:8      | Found a runed translucent door.
  8120 | D:8      | Noticed a sixfirhy
  8237 | D:8      | Killed a sixfirhy
  8303 | D:9      | Reached skill level 5 in Dodging
  8426 | D:9      | Found Muneuc's Distillery.
  8458 | D:9      | Bought a potion of ambrosia for 104 gold pieces
  8458 | D:9      | Bought a potion of curing for 39 gold pieces
  8458 | D:9      | Bought a potion of curing for 39 gold pieces
  8458 | D:9      | Bought a potion of heal wounds for 65 gold pieces
  8458 | D:9      | Bought a potion of agility for 52 gold pieces
  8458 | D:9      | Bought a potion of might for 52 gold pieces
  8490 | D:9      | Found a basalt altar of Yredelemnul.
  8797 | D:9      | Identified the +4 ring mail of Sin {MP+9 Dex+6}
  9090 | D:10     | Entered Level 10 of the Dungeon
  9305 | D:10     | Found a staircase to the Lair.
  9547 | D:10     | Reached ***** piety under Vehumet
  9551 | D:10     | Offered knowledge of Force Lance by Vehumet.
  9551 | D:10     | Reached XP level 12. HP: 73/73 MP: 23/23
  9608 | D:10     | Noticed a two-headed ogre
  9616 | D:10     | Killed a two-headed ogre
  9616 | D:10     | Reached skill level 7 in Fighting
  9616 | D:10     | Reached skill level 10 in Earth Magic
  9896 | D:11     | Found a large runed translucent door.
  9896 | D:11     | Noticed a centaur warrior
  9897 | D:11     | Found a large runed translucent door.
  9909 | D:11     | Found a large runed translucent door.
  9909 | D:11     | Found a large runed translucent door.
 10061 | D:11     | Killed a centaur warrior
 10408 | D:11     | Offered knowledge of Ozocubu's Refrigeration by Vehumet.
 10579 | D:11     | Found a staircase to the Orcish Mines.
 10672 | D:11     | Found the +6 shillelagh "Devastator" {shatter}
 10817 | D:12     | Noticed a fire dragon
 10839 | D:12     | Killed a fire dragon
 11128 | D:12     | Reached skill level 8 in Fighting
 11457 | D:12     | Noticed a two-headed ogre
 11461 | D:12     | Killed a two-headed ogre
 11461 | D:12     | Reached XP level 13. HP: 67/80 MP: 23/25
 11829 | D:12     | Lost mutation: Your muscles are strong. (Str +2)
                  | [evolution]
 12660 | D:13     | Noticed Josephine
 12671 | D:13     | Killed Josephine
 12972 | D:13     | Offered knowledge of Iskenderun's Battlesphere by Vehumet.
 13325 | D:13     | Reached skill level 9 in Fighting
 13630 | D:13     | Reached skill level 10 in Conjurations
 13904 | D:13     | Gained mutation: Your flesh is cold resistant. (rC+)
                  | [evolution]
 14231 | D:13     | Noticed a vault guard
 14236 | D:13     | Killed a vault guard
 14236 | D:13     | Gained mutation: Your large and strong wings let you fly
                  | indefinitely. [Gargoyle growth]
 14236 | D:13     | Reached XP level 14. HP: 83/88 MP: 2/27
 14384 | D:13     | Found a gate to the Vaults.
 14447 | D:14     | Found a transporter.
 14453 | D:14     | Noticed Qudghomp's ghost (journeyman GrEE)
 14456 | D:14     | Found a transporter.
 14458 | D:14     | Noticed a vampire knight
 15377 | D:14     | Reached skill level 10 in Fighting
 15900 | D:14     | Got a coiled silver ring
 15902 | D:14     | Got a bound bronze amulet
 15910 | D:14     | Identified the cursed ring "Giucag" {-Tele rElec Str-3
                  | Int+5} (You found it on level 14 of the Dungeon)
 15912 | D:14     | Identified the amulet "Semniucral" {Faith rF- Int+5 Dex+5}
                  | (You found it on level 14 of the Dungeon)
 16257 | D:10     | Offered knowledge of Freezing Cloud by Vehumet.
 16329 | Lair:1   | Entered Level 1 of the Lair of Beasts
 16382 | Lair:1   | Lost mutation: You expend magic power (3 MP) to strengthen
                  | your wands. [evolution]
 16820 | Lair:1   | Found a runed translucent door.
 16821 | Lair:1   | Noticed Dulesk's ghost (journeyman MiFi)
 17149 | Lair:2   | Noticed Nergalle
 17163 | Lair:2   | Killed Nergalle
 17370 | Lair:2   | Found a staircase to the Swamp.
 18182 | Lair:3   | Found a frozen archway.
 18209 | IceCv    | Entered an ice cave
 18349 | IceCv    | Killed a reaper
 18982 | IceCv    | Reached skill level 10 in Spellcasting
 19296 | Lair:3   | Found a runed translucent door.
 19300 | Lair:3   | Noticed Ge0ff's ghost (journeyman HaWr)
 19301 | Lair:3   | Identified the amulet of Osuofil {Gourm +Fly MR+}
 19301 | Lair:3   | Identified the cursed +1 spear of the Trees {freeze,
                  | *Contam rElec Int+4}
 19541 | Lair:3   | Found a staircase to the Snake Pit.
 19631 | Lair:3   | Reached ****** piety under Vehumet
 19887 | Lair:3   | Reached XP level 15. HP: 87/95 MP: 29/29
 20306 | Lair:4   | Noticed Kirke
 20314 | Lair:4   | Killed Kirke
 20585 | Lair:4   | Offered knowledge of Iron Shot by Vehumet.
 20593 | Lair:4   | Learned a level 6 spell: Iron Shot
 20693 | Lair:4   | Reached skill level 11 in Fighting
 21528 | Lair:5   | Reached skill level 10 in Maces & Flails
 21968 | Lair:5   | Found a runed translucent gate.
 21968 | Lair:5   | Found a runed translucent gate.
 21968 | Lair:5   | Found a runed translucent gate.
 21970 | Lair:5   | Noticed Tyib's ghost (journeyman MiFi)
 22402 | Lair:5   | Killed Tyib's ghost
 22674 | Lair:6   | Entered Level 6 of the Lair of Beasts
 22777 | Lair:6   | Noticed Nessos
 22800 | Lair:6   | Killed Nessos
 22934 | Lair:6   | Gained mutation: You expend magic power (3 MP) to
                  | strengthen your wands. [evolution]
 23291 | Lair:6   | Offered knowledge of Conjure Ball Lightning by Vehumet.
 23299 | Lair:6   | Found a staircase to the Slime Pits.
 23300 | Lair:6   | Found a viscous altar of Jiyva.
 23843 | Lair:6   | Reached XP level 16. HP: 41/104 MP: 1/30
 25808 | Orc:1    | Entered Level 1 of the Orcish Mines
 25812 | Orc:1    | Reached skill level 12 in Fighting
 26292 | Orc:1    | Found Lobabox's Magic Scroll Emporium.
 26297 | Orc:1    | Bought a scroll of identify for 30 gold pieces
 26297 | Orc:1    | Bought a scroll of teleportation for 45 gold pieces
 26297 | Orc:1    | Bought a scroll of identify for 30 gold pieces
 26297 | Orc:1    | Bought a scroll of identify for 30 gold pieces
 26297 | Orc:1    | Bought a scroll of identify for 30 gold pieces
 26297 | Orc:1    | Bought a scroll of magic mapping for 52 gold pieces
 26297 | Orc:1    | Bought a scroll of enchant armour for 112 gold pieces
 26471 | Orc:2    | Entered Level 2 of the Orcish Mines
 26941 | Orc:2    | Offered knowledge of Bolt of Fire by Vehumet.
 26960 | Orc:1    | Learned a level 6 spell: Bolt of Fire
 27132 | Orc:2    | Reached skill level 1 in Fire Magic
 27636 | Orc:2    | Found a staircase to the Elven Halls.
 27834 | Orc:1    | Gained mutation: Your body sometimes deteriorates upon
                  | taking damage. [evolution]
 27915 | Orc:2    | Found Muissaf's Antique Weapon Boutique.
 27915 | Orc:2    | Found Kahaz's General Store.
 27916 | Orc:2    | Found Ceme Ull's Food Shop.
 27919 | Orc:2    | Found Pukur's General Store.
 27928 | Orc:2    | Bought a scroll of identify for 30 gold pieces
 27930 | Orc:2    | Bought a scroll of identify for 24 gold pieces
 27930 | Orc:2    | Bought a scroll of identify for 24 gold pieces
 27930 | Orc:2    | Bought a scroll of teleportation for 36 gold pieces
 27934 | Orc:2    | Bought a potion of might for 60 gold pieces
 27936 | Orc:2    | Bought a potion of might for 48 gold pieces
 28224 | D:15     | Entered Level 15 of the Dungeon
 28252 | D:15     | Cast into level 2 of the Abyss (a wizard)
 28292 | Abyss:2  | Noticed a bone dragon
 28300 | Abyss:2  | Killed a bone dragon
 28568 | Abyss:2  | Noticed a bone dragon
 28927 | D:15     | Escaped the Abyss
 29595 | D:15     | Offered knowledge of Fire Storm by Vehumet.
 29595 | D:15     | Offered knowledge of Tornado by Vehumet.
 29595 | D:15     | Offered knowledge of Ignition by Vehumet.
 30309 | D:15     | Reached XP level 17. HP: 111/111 MP: 25/32
 30514 | D:15     | Reached skill level 10 in Dodging
 30578 | D:15     | Found a staircase to the Depths.
 30834 | Elf:1    | Entered Level 1 of the Elven Halls
 31085 | Elf:1    | Found Zon Raori's Antique Armour Boutique.
 31091 | Elf:1    | Reached skill level 5 in Fire Magic
 31104 | Elf:1    | Bought a pair of glowing gloves for 202 gold pieces
 31240 | Elf:1    | Gained mutation: You are robust. (+10% HP) [evolution]
 32020 | Elf:1    | Identified the Papyrus of Creative Conjuration
 33090 | Elf:2    | Found Katoafig's Magic Scroll Shop.
 33104 | Elf:2    | Bought 2 scrolls of blinking for 150 gold pieces
 33104 | Elf:2    | Bought a scroll of enchant weapon for 75 gold pieces
 33104 | Elf:2    | Bought a scroll of magic mapping for 35 gold pieces
 33104 | Elf:2    | Bought a scroll of enchant armour for 75 gold pieces
 33104 | Elf:2    | Bought a scroll of teleportation for 30 gold pieces
 33174 | Elf:2    | Found a runed translucent gate.
 33174 | Elf:2    | Found a runed translucent gate.
 33175 | Elf:2    | Found a runed translucent gate.
 33192 | Elf:2    | Reached skill level 15 in Earth Magic
 33710 | Elf:3    | Entered Level 3 of the Elven Halls
 34042 | Elf:3    | Reached skill level 13 in Fighting
 34158 | Elf:3    | Identified the ring of Ufazyaz {rPois rF++ rC+ Int-4}
 34573 | Elf:3    | Noticed a deep elf blademaster
 34579 | Elf:3    | Noticed a deep elf master archer
 34582 | Elf:3    | Killed a deep elf blademaster
 34604 | Elf:3    | Cast into level 2 of the Abyss (a deep elf sorcerer)
 34662 | Elf:3    | Escaped the Abyss
 34666 | Elf:3    | Killed a deep elf master archer
 34838 | Elf:3    | Reached XP level 18. HP: 128/128 MP: 34/34
 34860 | Elf:3    | Noticed a Brimstone Fiend
 35511 | Elf:3    | Noticed a deep elf blademaster
 35514 | Elf:3    | Noticed a deep elf master archer
 35515 | Elf:3    | Killed a deep elf blademaster
 35519 | Elf:3    | Killed a ghostly deep elf blademaster
 36064 | Elf:3    | Killed a deep elf master archer
 36277 | Elf:3    | Learned a level 5 spell: Fireball
 36358 | Elf:3    | Identified the cursed +2 quick blade of Inquiry {freeze,
                  | MP+9}
 36433 | Elf:3    | Identified the Volume of Changing and Dark Magic
 36470 | Elf:3    | Identified the Reference Book on Transformation
 36472 | Elf:3    | Identified Zuiqeac's Grimoire of Shifting Orientation
 36477 | Elf:3    | Identified the Tome of Quantum Ice
 38088 | Snake:1  | Entered Level 1 of the Snake Pit
 38550 | Lair:3   | Killed Ge0ff's ghost
 39921 | Snake:2  | Noticed Vashnia
 39929 | Snake:2  | Killed Vashnia
 40198 | Snake:2  | Noticed Agnes
 40207 | Snake:2  | Killed Agnes
 40438 | Snake:2  | Reached XP level 19. HP: 135/135 MP: 35/35
 41275 | Swamp:1  | Entered Level 1 of the Swamp
 41280 | Swamp:1  | Gained mutation: You rapidly evolve. [evolution]
 41280 | Swamp:1  | Lost mutation: You rapidly evolve. [decline of evolution]
 41370 | Swamp:1  | Noticed Louise
 41377 | Swamp:1  | Killed Louise
 41654 | Swamp:1  | Reached skill level 10 in Fire Magic
 42423 | Swamp:2  | Reached skill level 14 in Fighting
 43702 | Swamp:4  | Entered Level 4 of the Swamp
 43702 | Swamp:4  | Noticed Nikola
 43709 | Swamp:4  | Killed Nikola
 43720 | Swamp:3  | Upgraded the game from 0.24-a0-630-g0d56a851f4 to
                  | 0.24-a0-639-gb70a11d811
 44162 | Swamp:4  | Noticed the 27-headed Lernaean hydra
 44172 | Swamp:4  | Killed the 27-headed Lernaean hydra
 44376 | Swamp:4  | Got a decaying rune of Zot
 45422 | Snake:1  | Learned a level 8 spell: Ignition
 45475 | Snake:3  | Found a runed translucent gate.
 45475 | Snake:3  | Found a runed translucent gate.
 45475 | Snake:3  | Found a runed translucent gate.
 45479 | Snake:3  | Found an opulent altar of Gozag.
 45482 | Snake:3  | Noticed skumtomte's ghost (adept TeAE)
 45551 | Snake:3  | Reached XP level 20. HP: 104/144 MP: 2/37
 46043 | Snake:3  | Gained mutation: Your flesh is very heat resistant. (rF++)
                  | [evolution]
 46373 | Snake:3  | Noticed Aizul
 46378 | Snake:3  | Killed Aizul
 47464 | Snake:3  | Killed skumtomte's ghost
 47699 | Snake:4  | Entered Level 4 of the Snake Pit
 47732 | Snake:4  | Reached skill level 15 in Conjurations
 47760 | Snake:4  | Got a serpentine rune of Zot
 48908 | Snake:4  | Reached XP level 21. HP: 127/150 MP: 38/38
 48991 | Snake:4  | Reached skill level 15 in Fighting
 49136 | Lair:1   | Gained mutation: Your muscles are strong. (Str +2)
                  | [evolution]
 49327 | Vaults:1 | Entered Level 1 of the Vaults
 49666 | Vaults:1 | Found Imoew's Assorted Antiques.
 49688 | Vaults:1 | Bought a potion of curing for 141 gold pieces
 49688 | Vaults:1 | Bought a potion of curing for 141 gold pieces
 49688 | Vaults:1 | Bought a scroll of identify for 94 gold pieces
 51952 | Vaults:2 | Gained mutation: You are partially covered in icy blue
                  | scales. (AC +2) [evolution]
 52261 | Vaults:2 | Learned a level 9 spell: Shatter
 52578 | Vaults:2 | Reached XP level 22. HP: 152/158 MP: 39/39
 53423 | Vaults:3 | Noticed Sojobo
 53441 | Vaults:3 | Killed Sojobo
 53699 | Vaults:3 | Noticed Jory
 53708 | Vaults:3 | Killed Jory
 53800 | Vaults:3 | Reached skill level 16 in Fighting
 53833 | Vaults:3 | Noticed Xtahua
 53838 | Vaults:3 | Killed Xtahua
 54424 | Vaults:3 | Found a staircase to the Crypt.
 54506 | Vaults:3 | Reached skill level 15 in Fire Magic
 55460 | Vaults:4 | Reached XP level 23. HP: 153/166 MP: 41/41
 56358 | Vaults:4 | Found a runed translucent door.
 56358 | Vaults:4 | Noticed Azxemoug's ghost (legendary HOFi)
 56359 | Vaults:4 | Identified 3 scrolls of acquirement
 56385 | Vaults:4 | Killed Azxemoug's ghost
 56526 | Vaults:4 | Identified the cursed +1 flail "Saesomn" {crush, rElec rN++
                  | Int-4 Dex+3} (You found it on level 4 of the Vaults)
 57029 | Vaults:5 | Entered Level 5 of the Vaults
 57029 | Vaults:5 | Noticed a golden dragon
 57036 | Vaults:5 | Reached skill level 15 in Spellcasting
 57043 | Vaults:4 | Killed a golden dragon
 57157 | Vaults:5 | Reached skill level 17 in Fighting
 57164 | Vaults:5 | Reached XP level 24. HP: 96/176 MP: 29/42
 58316 | Vaults:5 | Got a silver rune of Zot
 58497 | Vaults:5 | Identified the +1 robe of Autotheism {Dex+4 Slay+2} (You
                  | found it on level 5 of the Vaults)
 58510 | Vaults:5 | Identified the +1 ring mail of the King {rN++ Regen+ Str+5}
 58513 | Vaults:5 | Identified the +7 chain mail "Haqar" {MR+ MP+9 Int+5 Dex-5}
 58514 | Vaults:5 | Identified the ring "Xocate" {+Inv rF- rN+++ MR- MP+9}
 58524 | Vaults:5 | Identified the cursed ring "Gal Hoxa" {Str+4 Int-2 Dex+4}
 58885 | Vaults:5 | Got a vibrating bronze ring
 58886 | Vaults:5 | Identified the ring "Naocrynwi" {*Corrode rElec rC+ MR+++
                  | Dex+2} (You found it on level 5 of the Vaults)
 58904 | Vaults:5 | Identified the Collected Works on Evil
 59409 | Vaults:5 | Gained mutation: You have a pair of small horns on your
                  | head. [evolution]
 60583 | Crypt:1  | Entered Level 1 of the Crypt
 60858 | Crypt:1  | Reached XP level 25. HP: 183/183 MP: 42/42
 61816 | Crypt:2  | Found a basalt altar of Yredelemnul.
 62088 | Crypt:2  | Reached skill level 18 in Fighting
 62370 | Crypt:2  | Found a runed translucent door.
 62371 | Crypt:2  | Noticed an ancient lich
 62382 | Crypt:2  | Killed an ancient lich
 62762 | Crypt:3  | Entered Level 3 of the Crypt
 63125 | Crypt:3  | Noticed Mara
 63134 | Crypt:3  | Killed Mara
 63463 | Crypt:3  | Found an ancient bone altar of Kikubaaqudgha.
 64927 | Crypt:3  | Identified the amulet "Ucvi Syx" {Faith Dex+4} (You found
                  | it on level 3 of the Crypt)
 65071 | Crypt:3  | Found a staircase to the Tomb.
 65332 | Crypt:3  | Found a staircase to the Tomb.
 65384 | Crypt:3  | Found an ancient bone altar of Kikubaaqudgha.
 66017 | Depths:1 | Entered Level 1 of the Depths
 66017 | Depths:1 | Found a gateway to Hell.
 66027 | Depths:1 | Reached XP level 26. HP: 192/192 MP: 43/43
 66301 | Depths:1 | Reached skill level 15 in Dodging
 66627 | Depths:1 | Found a corrupted altar of Lugonu.
 66627 | Depths:1 | Found a one-way gate to the infinite horrors of the Abyss.
 66709 | Depths:1 | Found Naki's Magic Scroll Shoppe.
 66714 | Depths:1 | Found Ehovoyha's Antique Weapon Shoppe.
 66717 | Depths:1 | Bought a scroll of enchant weapon for 150 gold pieces
 66717 | Depths:1 | Bought a scroll of magic mapping for 70 gold pieces
 66717 | Depths:1 | Bought a scroll of acquirement for 1040 gold pieces
 67079 | Depths:2 | Noticed Margery
 67093 | Depths:1 | Killed Margery
 67361 | Depths:2 | Found Ockonaoz's General Store.
 67496 | Depths:2 | Got a slimy granite ring
 67497 | Depths:2 | Identified the ring "Lalluarch" {rC+++ MR+ AC+2 Int-2 SInv}
                  | (You found it on level 2 of the Depths)
 68008 | Depths:2 | Found Bir Fieb's Antique Weapon Boutique.
 68042 | Depths:2 | Identified the ring "Vosm" {Slay+3 Stlth+}
 68159 | Depths:2 | Reached skill level 19 in Fighting
 68185 | Depths:2 | Identified the ring "Erarch" {*Tele Str+4 Slay+3}
 69464 | Depths:3 | Found the +12 Vampire's Tooth {vamp}
 69540 | Depths:3 | Found a one-way gate leading to the halls of Pandemonium.
 69647 | Depths:3 | Reached XP level 27. HP: 88/200 MP: 1/44
 70112 | Depths:3 | Noticed a juggernaut
 70122 | Depths:3 | Killed a juggernaut
 70438 | Depths:3 | Gained mutation: Your mind is acute. (Int +2) [evolution]
 70898 | Depths:4 | Identified the Handbook of the Lumpy Orbs
 71020 | Depths:4 | Identified the Guide on Bewitchment and Aid
 71639 | Depths:4 | Found a gateway to a ziggurat.
 72108 | Depths:5 | Entered Level 5 of the Depths
 72465 | Depths:5 | Reached skill level 20 in Fighting
 72749 | Depths:4 | Learned a level 9 spell: Fire Storm
 72857 | Depths:5 | Found a gate to the Realm of Zot.
 73221 | Depths:5 | Found Qoxobruj's Jewellery Shoppe.
 73223 | Depths:5 | Found Veduzed's Gadget Boutique.
 73224 | Depths:5 | Found Dogrufaj's Jewellery Shoppe.
 73231 | Depths:5 | Bought a wand of acid (13) for 544 gold pieces
 73782 | Slime:1  | Entered Level 1 of the Pits of Slime
 73955 | Slime:1  | Lost mutation: You expend magic power (3 MP) to strengthen
                  | your wands. [a shining eye]
 73968 | Slime:1  | Learned a level 9 spell: Glaciate
 74045 | Slime:3  | Reached skill level 1 in Ice Magic
 74304 | Slime:4  | Gained mutation: Your body often deteriorates upon taking
                  | damage. [a shining eye]
 74512 | Slime:5  | Entered Level 5 of the Pits of Slime
 74723 | Slime:5  | Found a viscous altar of Jiyva.
 74723 | Slime:5  | Noticed the Royal Jelly
 74762 | Slime:5  | Killed the Royal Jelly
 74763 | Slime:5  | Reached skill level 5 in Ice Magic
 74919 | Slime:5  | Gained mutation: Potions are less effective at restoring
                  | your health. [a shining eye]
 74920 | Slime:5  | Lost mutation: Your mind is acute. (Int +2) [a shining eye]
 75091 | Slime:5  | Identified the cursed +3 quarterstaff "Miypt" {antimagic,
                  | rF- Str+7} (You found it on level 5 of the Pits of Slime)
 75093 | Slime:5  | Identified Zaskesoe's Guide on Nocuous Dark Arts
 75102 | Slime:5  | Found the +10 Black Knight's horse barding {ponderous,
                  | rPois rN+}
 75119 | Slime:5  | Got a slimy rune of Zot
 75155 | Slime:5  | Identified the +3 robe of the Ancient Beggars {-Cast rPois
                  | rCorr Stlth+} (You found it on level 5 of the Pits of
                  | Slime)
 75195 | Slime:5  | Identified the Tome of the Supportive Oath
 75687 | Zig:1    | Entered Level 1 of a ziggurat
 75700 | Zig:2    | Entered Level 2 of a ziggurat
 75748 | Zig:3    | Entered Level 3 of a ziggurat
 75749 | Zig:3    | Reached skill level 21 in Fighting
 75779 | Zig:4    | Entered Level 4 of a ziggurat
 75843 | Zig:4    | Identified the +6 flail "Jottacon" {freeze, -Tele MP+9
                  | SInv} (You found it on level 4 of a ziggurat)
 75857 | Zig:5    | Entered Level 5 of a ziggurat
 75894 | Zig:6    | Entered Level 6 of a ziggurat
 76020 | Zig:7    | Entered Level 7 of a ziggurat
 76023 | Zig:7    | Noticed a greater mummy
 76023 | Zig:7    | Noticed a greater mummy
 76023 | Zig:7    | Noticed a greater mummy
 76028 | Zig:7    | Killed a greater mummy
 76028 | Zig:7    | Killed a greater mummy
 76029 | Zig:7    | Killed a greater mummy
 76030 | Zig:7    | Killed a greater mummy
 76234 | Zig:7    | Got a translucent amber ring
 76235 | Zig:7    | Identified the ring "Touz" {Ice -Tele rPois Dex+5} (You
                  | found it on level 7 of a ziggurat)
 76241 | Zig:7    | Identified the Almanac of the Escort and the Glacier
 76246 | Zig:7    | Got a crude jade ring
 76247 | Zig:7    | Identified the ring "Fomocu" {rPois Dex+6} (You found it on
                  | level 7 of a ziggurat)
 76257 | Zig:8    | Entered Level 8 of a ziggurat
 76299 | Zig:8    | Got a sparkling jade ring
 76300 | Zig:8    | Identified the ring of Tonken Gexa {Wiz rElec rC+ Str+3
                  | Stlth-} (You found it on level 8 of a ziggurat)
 76314 | Zig:8    | Identified the Reference Book on Flames and Boosts
 76326 | Zig:9    | Entered Level 9 of a ziggurat
 76421 | Zig:9    | Got a wavering golden ring
 76422 | Zig:9    | Identified the ring "Wosioppo" {rF+ MP+9} (You found it on
                  | level 9 of a ziggurat)
 76436 | Zig:9    | Identified the cursed +1 robe of Tenacity {rC+ Str+3
                  | Stlth+} (You found it on level 9 of a ziggurat)
 76440 | Zig:9    | Got a glittering brass ring
 76441 | Zig:9    | Identified the ring of Kuekuale {+Fly rPois rF- Int+3} (You
                  | found it on level 9 of a ziggurat)
 76446 | Zig:10   | Entered Level 10 of a ziggurat
 76519 | Zig:10   | Identified the Collected Works on Earthen Augmentations
 76527 | Zig:11   | Entered Level 11 of a ziggurat
 76795 | Zig:11   | Got a twitching bronze amulet
 76796 | Zig:11   | Identified the amulet "Ryxzybacs" {Acrobat rC+} (You found
                  | it on level 11 of a ziggurat)
 76812 | Zig:12   | Entered Level 12 of a ziggurat
 76922 | Zig:12   | Found the +7 lajatang of Order {silver, rMut}
 76955 | Zig:12   | Identified the Collected Works on Boosting Stones
 76970 | Zig:13   | Entered Level 13 of a ziggurat
 76978 | Zig:13   | Reached skill level 22 in Fighting
 76978 | Zig:13   | Noticed an ancient lich
 76982 | Zig:13   | Killed an ancient lich
 77130 | Zig:13   | Got a transparent platinum ring
 77131 | Zig:13   | Identified the ring "Mietwext" {rF++ rN+ Slay+1} (You found
                  | it on level 13 of a ziggurat)
 77133 | Zig:13   | Identified Jegid's Incunabulum of Attacks
 77141 | Zig:13   | Identified the +5 morningstar "Weuzxuak" {flame, rElec
                  | MR++} (You found it on level 13 of a ziggurat)
 77148 | Zig:14   | Entered Level 14 of a ziggurat
 77337 | Zig:14   | Got a smoking bronze ring
 77338 | Zig:14   | Identified the ring of Isunwe {rElec rPois Int+2} (You
                  | found it on level 14 of a ziggurat)
 77355 | Zig:15   | Entered Level 15 of a ziggurat
 77742 | Zig:15   | Reached skill level 15 in Ice Magic
 77753 | Zig:15   | Lost mutation: Your body often deteriorates upon taking
                  | damage. [potion of mutation]
 77753 | Zig:15   | Lost mutation: You are partially covered in icy blue
                  | scales. (AC +2) [potion of mutation]
 77753 | Zig:15   | Lost mutation: Your muscles are strong. (Str +2) [potion of
                  | mutation]
 77753 | Zig:15   | Gained mutation: Your spells are a little harder to cast,
                  | but a little more powerful. [potion of mutation]
 77754 | Zig:15   | Lost mutation: Your spells are a little harder to cast, but
                  | a little more powerful. [potion of mutation]
 77754 | Zig:15   | Lost mutation: You have a pair of small horns on your head.
                  | [potion of mutation]
 77754 | Zig:15   | Lost mutation: You are robust. (+10% HP) [potion of
                  | mutation]
 77754 | Zig:15   | Gained mutation: You rapidly evolve. [potion of mutation]
 77755 | Zig:15   | Lost mutation: Your flesh is very heat resistant. (rF++)
                  | [potion of mutation]
 77755 | Zig:15   | Lost mutation: Your body sometimes deteriorates upon taking
                  | damage. [potion of mutation]
 77755 | Zig:15   | Lost mutation: You rapidly evolve. [potion of mutation]
 77755 | Zig:15   | Gained mutation: Your movements are slightly less
                  | encumbered by armour. (ER -2) [potion of mutation]
 77755 | Zig:15   | Lost mutation: You evolve. [potion of mutation]
 77755 | Zig:15   | Gained mutation: You are dopey. (Int -2) [potion of
                  | mutation]
 77755 | Zig:15   | Gained mutation: You are resistant to hostile enchantments.
                  | (MR+) [potion of mutation]
 77756 | Zig:15   | Lost mutation: You are dopey. (Int -2) [potion of mutation]
 77756 | Zig:15   | Lost mutation: Your flesh is heat resistant. (rF+) [potion
                  | of mutation]
 77756 | Zig:15   | Lost mutation: Your flesh is cold resistant. (rC+) [potion
                  | of mutation]
 77756 | Zig:15   | Lost mutation: You are resistant to hostile enchantments.
                  | (MR+) [potion of mutation]
 77756 | Zig:15   | Gained mutation: Your spells are a little easier to cast,
                  | but a little less powerful. [potion of mutation]
 77756 | Zig:15   | Gained mutation: You expend magic power (3 MP) to
                  | strengthen your wands. [potion of mutation]
 77757 | Zig:15   | Lost mutation: Potions are less effective at restoring your
                  | health. [potion of mutation]
 77757 | Zig:15   | Lost mutation: Your spells are a little easier to cast, but
                  | a little less powerful. [potion of mutation]
 77757 | Zig:15   | Lost mutation: You are partially covered in rugged brown
                  | scales. (AC +1, +3% HP) [potion of mutation]
 77757 | Zig:15   | Lost mutation: You expend magic power (3 MP) to strengthen
                  | your wands. [potion of mutation]
 77757 | Zig:15   | Gained mutation: Your spells are a little harder to cast,
                  | but a little more powerful. [potion of mutation]
 77757 | Zig:15   | Gained mutation: Your spells are harder to cast, but more
                  | powerful. [potion of mutation]
 77757 | Zig:15   | Gained mutation: Your muscles are strong. (Str +2) [potion
                  | of mutation]
 77778 | Zig:16   | Entered Level 16 of a ziggurat
 77797 | Zig:16   | Found the amulet of the Four Winds {rN+ MR+++ Clar}
 77797 | Zig:16   | Reached skill level 23 in Fighting
 78007 | Zig:17   | Entered Level 17 of a ziggurat
 78036 | Zig:17   | Reached skill level 24 in Fighting
 78298 | Zig:17   | Identified the cursed ring "Hoetto" {AC-2 Int+4} (You found
                  | it on level 17 of a ziggurat)
 78300 | Zig:17   | Identified the cursed +0 pair of gloves of Bauthucoces
                  | {+Inv Stlth+} (You found it on level 17 of a ziggurat)
 78340 | Zig:18   | Entered Level 18 of a ziggurat
 78357 | Zig:18   | Noticed a greater mummy
 78357 | Zig:18   | Noticed a greater mummy
 78361 | Zig:18   | Noticed a greater mummy
 78362 | Zig:18   | Killed a greater mummy
 78364 | Zig:18   | Killed a greater mummy
 78364 | Zig:18   | Killed a greater mummy
 78367 | Zig:18   | Noticed a greater mummy
 78369 | Zig:18   | Killed a greater mummy
 78369 | Zig:18   | HP: 9/192 [bennu (10)]
 78369 | Zig:18   | Slain by a bennu

Levels and vault maps discovered:
D:1:      lordsloth_arrival_two_stooges, layout_basic,
          chequers_serial_rivers_room_a
D:2:      layout_loops_ring, grunt_ministairs_11
D:3:      layout_loops_ring
D:4:      layout_cave_pools, grunt_ministairs_11, uniq_ijyb
D:5:      layout_gridville, minmay_temple_entry_ruins, first_ration,
          minmay_misc_feat_hallway, bh_walls_and_bars
D:6:      layout_basic, kennysheep_little_box, lemuel_doored_altar,
          minmay_misc_feat_room, uniq_menkaure, uniq_pikel
D:7:      minmay_the_grid_four_pointed_star
          [minmay_the_grid_triangle_9x9_fully_insulated_deathbox,
          minmay_the_grid_triangle_9x9_longest,
          minmay_the_grid_triangle_9x9_sprig,
          minmay_the_grid_triangle_9x9_windchime,
          minmay_the_grid_prize_inner_circle], layout_basic,
          grunt_temple_overflow_open, serial_shops, shop
D:8:      cheibrodos_shockbox, layout_rooms, uniq_psyche, uniq_harold
D:9:      layout_loops_ring, yredelemnul_forgotten_temple_becter, serial_shops,
          shop, chequers_serial_rivers_small_3
D:10:     layout_rooms, erik_lair_dragon
D:11:     layout_rooms, david_orc_2, david_nohive_1,
          minmay_hollow_rounded_squares
D:12:     layout_basic
D:13:     layout_big_octagon, grunt_vaults_entry_tiered, evilmike_minifort,
          uniq_josephine
D:14:     minmay_s_stair_smasher, layout_loops_cross, gammafunk_ghost_mausoleum,
          minivault_14
D:15:     grunt_enter_depths_magical_seal, layout_rooms, serial_park_square1
          [serial_park_minivault_5x5_8]
Temple:   minmay_temple_bridge_d
Lair:1:   layout_loops_ring, ebering_ghost_reflecting_pool, kennysheep_rathole
Lair:2:   layout_roguey, minmay_swamp_entry_reptiles, wad_woods_06,
          grunt_megastairs_2, uniq_nergalle
Lair:3:   layout_regular_city, minmay_snake_entry_six_corridors,
          ebering_ghost_funeral_grove, portal_ice_cave_entry_pillars_1,
          minmay_lair_oklob_chamber
Lair:4:   layout_gridlike, beast_lair_carwin_10, uniq_kirke
Lair:5:   layout_long_grid, gammafunk_ghost_hydra_chop, serial_bayou_shore_b
Lair:6:   grunt_lair_end_beastmaster, layout_gridlike, slime_altar_1,
          grunt_megastairs_4, uniq_nessos
Swamp:1:  layout_basic_swamp, serial_swamp_ruin, evilmike_swamp_ruin_house_2,
          evilmike_swamp_ruin_rubble_1, uniq_louise
Swamp:2:  layout_falls_marsh, wheals_swamp_sinkhole
Swamp:3:  layout_basic_swamp, evilmike_swamp_ruin_house_1
Swamp:4:  grunt_swamp_rune_castle, layout_basic_swamp, uniq_nikola
Snake:1:  layout_misc_corridors, lemuel_fruit_tree
Snake:2:  layout_misc_corridors, guppyfry_library_mini, uniq_vashnia, uniq_agnes
Snake:3:  layout_misc_corridors, ebering_ghost_gozag, uniq_aizul
Snake:4:  snake_pit, layout_cave_town, st_stairs_3, grunt_ministairs_3,
          nicolae_snake_lava_pool
Slime:1:  layout_caves
Slime:2:  layout_caves
Slime:3:  layout_caves, basic_altar
Slime:4:  layout_caves, basic_altar
Slime:5
Orc:1:    layout_caves, serial_shops, nicolae_shop_trees
Orc:2:    st_orc_mages, layout_caves
Elf:1:    eino_elf_arrival_shootout, layout_geoelf_grid, serial_shops,
          shop_statue, minmay_elf_sorcery
Elf:2:    layout_onion_city, serial_shops, shop
Elf:3:    grunt_elf_hall_diamonds, layout_geoelf_castle
Vaults:1: nicolae_vaults_three_branches, v_misc_8, hangedman_vaults_river_flow,
          vaults_room_octagon, nicolae_vaults_diagonal_hallway_6,
          vaults_room_grid, hangedman_vaults_nodes, v_misc_13, v_misc_3,
          hangedman_vaults_trim, nicolae_vaults_mini_display_case,
          nicolae_vaults_shelves_hall, layout_vaults_chaotic_city, serial_shops,
          nicolae_shop_statue_plus
Vaults:2: v_alt_pattern_3, v_rooms_6, nicolae_vaults_arrows,
          nicolae_vaults_big_ls, hangedman_vaults_slice,
          nicolae_vaults_stairing_the_circle, hangedman_vaults_corner,
          v_misc_22, v_misc_13, nicolae_vaults_diagonal_hallway_9,
          vaults_room_hallway, vaults_room_hallway, layout_vaults_maze
Vaults:3: nicolae_vaults_shelves_hall, v_misc_8, vaults_mumra_chevron,
          hangedman_vaults_cutoff, minmay_crypt_entry_vampire_xt, v_misc_11,
          v_pattern_5, vaults_room_hangedman_quadrants, dpeg_vaults_monster_box,
          v_misc_28, layout_vaults_quadrants, uniq_xtahua, uniq_jory,
          uniq_sojobo
Vaults:4: gammafunk_vaults_ghost_grave, v_pattern_1, nicolae_vaults_rhombus_7,
          vaults_room_corners, nicolae_vaults_network_quinsquares
          [nicolae_vaults_network_quincunx_subvault,
          nicolae_vaults_network_quincunx_subvault,
          nicolae_vaults_network_quincunx_subvault,
          nicolae_vaults_network_quincunx_subvault], grunt_vaults_trifunnel,
          grunt_vaults_swirl, nicolae_vaults_network_quincunx
          [nicolae_vaults_network_quincunx_subvault,
          nicolae_vaults_network_quincunx_subvault,
          nicolae_vaults_network_quincunx_subvault,
          nicolae_vaults_network_quincunx_subvault,
          nicolae_vaults_network_quincunx_subvault], layout_vaults_omnicross
Vaults:5: serial_shops
Crypt:1:  layout_regular_city
Crypt:2:  cheibrodos_crypt_cold_storage, layout_chaotic_city, basic_altar,
          roderic_lattice_octagonal_star
Crypt:3:  grunt_crypt_end_deaths_head, uniq_mara
Depths:1: layout_forbidden_donut, kennysheep_another_room,
          abyss_entry_flame_altar, hell_entry, minmay_misc_feat_tower,
          chequers_serial_rivers_micro_a, lemuel_flamethrower_3,
          minmay_shop_star
Depths:2: hangedman_spin_cycle, hell_entry
Depths:3: giant_chief_lemuel, layout_long_grid, minmay_misc_feat_encased,
          hangedman_geh_valley, abyss_entry, pan_entry,
          minmay_guarded_unrand_vampires_tooth
Depths:4: minmay_tri_box, layout_gridlike, enter_ziggurat_f,
          minmay_room_of_horrors, serial_bayou_pond_b, hell_entry,
          infiniplex_staircase_zigzag_3
Depths:5: evilmike_zot_entry_basic, layout_small_grid, hell_entry,
          lightli_minifort, minmay_shop_grove, serial_bayou_shore_a
Zig:18

Skill      XL: |  1  2  3  4  5  6  7  8  9 10 11 12 13 14 15 16 17 18 19 20 21 22 23 24 25 26 27 |
---------------+----------------------------------------------------------------------------------+-----
Earth Magic    | 4 5 6 7 8 9 11 12 13 14 15 16 17 18 19 20 21 22 | 22.0
Spellcasting   | 3 4 5 6 7 8 9 10 11 12 13 14 15 16 17 20 | 20.7
Conjurations   | 1 2 3 4 5 6 7 9 10 11 12 13 14 15 16 | 16.0
Fighting       | 1 2 4 5 6 8 9 10 11 12 13 14 15 16 17 18 19 24 | 24.4
Armour         | 1 3 4 5 6 |  6.0
Dodging        | 2 3 4 5 6 7 8 9 10 11 12 13 14 15 | 15.0
Evocations     | 1 2 3 4 5 6 8 |  8.4
Maces & Flails | 2 3 4 6 7 8 9 10 11 12 13 14 | 14.0
Fire Magic     | 4 7 9 11 12 13 15 16 17 19 20 22 | 22.0
Ice Magic      | 16 | 16.7
Stealth        | |  2.1
Transmutations | |  0.7

Action                   |  1- 3 |  4- 6 |  7- 9 | 10-12 | 13-15 | 16-18 | 19-21 | 22-24 | 25-27 || total
-------------------------+-------+-------+-------+-------+-------+-------+-------+-------+-------++-------
Melee: Short sword       |    68 |    73 |       |       |       |       |       |       |       ||   141
       Falchion          |       |    23 |   274 |    46 |       |       |       |       |       ||   343
       Whip              |       |       |       |   203 |   781 |   299 |       |       |       ||  1283
       Shillelagh        |       |       |       |    24 |       |   145 |       |       |       ||   169
       Morningstar       |       |       |       |       |       |    47 |    47 |       |    13 ||   107
       Staff             |       |       |       |       |       |     2 |   204 |    61 |   141 ||   408
       Headbutt          |       |       |       |       |       |       |       |       |    36 ||    36
       Demon whip        |       |       |       |       |       |       |       |       |    21 ||    21
Throw: Stone             |       |       |       |       |       |     1 |       |     1 |       ||     2
       Throwing net      |       |       |       |       |       |       |       |       |     3 ||     3
 Cast: Sandblast         |    13 |    32 |    81 |   174 |   280 |    46 |    33 |    10 |    12 ||   681
       Stone Arrow       |       |       |     6 |    39 |    82 |    17 |    12 |       |     7 ||   163
       Lee's Rapid Decon |       |       |     3 |    64 |   119 |    98 |    49 |    35 |    59 ||   427
       Iron Shot         |       |       |       |       |    65 |   285 |   367 |   231 |   340 ||  1288
       Bolt of Fire      |       |       |       |       |       |    94 |    64 |    19 |   267 ||   444
       Fireball          |       |       |       |       |       |       |     8 |       |     9 ||    17
       Ignition          |       |       |       |       |       |       |    42 |    55 |   102 ||   199
       Shatter           |       |       |       |       |       |       |       |    26 |   100 ||   126
       Fire Storm        |       |       |       |       |       |       |       |       |    22 ||    22
 Abil: Fly               |       |       |       |       |     1 |       |       |       |       ||     1
Evoke: Wand              |       |       |     7 |    12 |    33 |    16 |     5 |       |     7 ||    80
       Lamp of fire      |       |       |       |     1 |     3 |     3 |     1 |       |     1 ||     9
       Phial of floods   |       |       |       |       |     2 |     2 |       |       |       ||     4
       Sack of spiders   |       |       |       |       |     1 |       |       |       |       ||     1
       Lightning rod     |       |       |       |       |       |       |     4 |       |     7 ||    11
  Use: Potion            |     4 |       |     3 |     2 |     2 |     6 |     5 |     5 |    25 ||    52
       Scroll            |     4 |     4 |    11 |    11 |    17 |    15 |    12 |    10 |    44 ||   128
 Stab: Sleeping          |     1 |     1 |     6 |     2 |     1 |     1 |     1 |       |       ||    13
       Distracted        |       |       |     1 |       |     2 |       |       |       |     1 ||     4
       Invisible         |       |       |       |       |     2 |       |       |       |       ||     2
  Eat: Chunk             |     1 |     3 |    12 |    52 |    81 |   131 |   112 |    90 |   136 ||   618
       Ration            |       |     1 |       |       |       |    11 |    19 |     5 |    21 ||    57
Armor: Robe              |    34 |    47 |   223 |   184 |   407 |   323 |   347 |   111 |   306 ||  1982
       Skin              |       |       |    11 |       |       |       |       |       |       ||    11
Dodge: Dodged            |    72 |    73 |   293 |   258 |   639 |   462 |   492 |   198 |   411 ||  2898
       Rpst.: Falchion   |       |     9 |   111 |    14 |       |       |       |       |       ||   134

Table legend:
 A = Non-vault XP
 B = Vault XP
 C = Vault XP percentage of total XP
 D = Non-vault monster count
 E = Vault monster count
 F = Vault count percentage of total count
                 A         B        C        D         E       F
            +---------+---------+-------+---------+---------+-------
      Total | 1063706 |  797846 |  42.9 |    2009 |    1052 |  34.4
            +---------+---------+-------+---------+---------+-------
        D:1 |      23 |       0 |   0.0 |      14 |       0 |   0.0
        D:2 |     170 |       6 |   3.4 |      31 |       2 |   6.1
        D:3 |     305 |       0 |   0.0 |      28 |       0 |   0.0
        D:4 |     450 |      90 |  16.7 |      19 |       2 |   9.5
        D:5 |     580 |       0 |   0.0 |      14 |       0 |   0.0
        D:6 |     998 |     878 |  46.8 |      31 |       2 |   6.1
        D:7 |    1175 |    2915 |  71.3 |      27 |      21 |  43.8
        D:8 |    3926 |    2192 |  35.8 |      26 |       3 |  10.3
        D:9 |    1848 |       1 |   0.1 |      28 |       1 |   3.4
       D:10 |    3751 |     582 |  13.4 |      31 |       4 |  11.4
       D:11 |    2639 |    3785 |  58.9 |      33 |      33 |  50.0
       D:12 |    8999 |       0 |   0.0 |      50 |       0 |   0.0
       D:13 |    6817 |   13566 |  66.6 |      44 |      48 |  52.2
       D:14 |    8464 |    6564 |  43.7 |      21 |      19 |  47.5
       D:15 |   12893 |    4046 |  23.9 |      41 |       9 |  18.0
     Lair:1 |    2423 |     215 |   8.2 |      12 |      14 |  53.8
     Lair:2 |    1778 |    1374 |  43.6 |       8 |       5 |  38.5
     Lair:3 |    5634 |    6861 |  54.9 |      27 |      31 |  53.4
     Lair:4 |    4824 |    6814 |  58.5 |      15 |      13 |  46.4
     Lair:5 |    6275 |    4250 |  40.4 |      24 |       4 |  14.3
     Lair:6 |   16321 |   15161 |  48.2 |      40 |      29 |  42.0
    Swamp:1 |   11626 |    1544 |  11.7 |      30 |       1 |   3.2
    Swamp:2 |    5555 |       0 |   0.0 |      13 |       0 |   0.0
    Swamp:3 |    8857 |       0 |   0.0 |      24 |       0 |   0.0
    Swamp:4 |   14364 |   26098 |  64.5 |      24 |      33 |  57.9
    Snake:1 |   13243 |       0 |   0.0 |      25 |       0 |   0.0
    Snake:2 |   10849 |   14455 |  57.1 |      20 |      16 |  44.4
    Snake:3 |   33410 |    7380 |  18.1 |      60 |       9 |  13.0
    Snake:4 |   17042 |   44143 |  72.1 |      37 |      65 |  63.7
    Slime:1 |   18315 |       0 |   0.0 |      33 |       0 |   0.0
    Slime:3 |   16121 |       0 |   0.0 |      23 |       0 |   0.0
    Slime:4 |   14096 |       0 |   0.0 |      32 |       0 |   0.0
    Slime:5 |   23280 |   29122 |  55.6 |      36 |      12 |  25.0
      Orc:1 |    2648 |      43 |   1.6 |      37 |       1 |   2.6
      Orc:2 |    4729 |    5600 |  54.2 |      34 |      37 |  52.1
      Elf:1 |    9899 |    8700 |  46.8 |      18 |      13 |  41.9
      Elf:2 |   15496 |    2013 |  11.5 |      24 |       2 |   7.7
      Elf:3 |   17254 |   45514 |  72.5 |      27 |      31 |  53.4
   Vaults:1 |   51392 |    8565 |  14.3 |      91 |      14 |  13.3
   Vaults:2 |   26209 |   33767 |  56.3 |      52 |      56 |  51.9
   Vaults:3 |   37881 |   44815 |  54.2 |      70 |      39 |  35.8
   Vaults:4 |   38434 |   32441 |  45.8 |      50 |      24 |  32.4
   Vaults:5 |   38639 |  141177 |  78.5 |      55 |      90 |  62.1
    Crypt:1 |   22803 |       0 |   0.0 |      29 |       0 |   0.0
    Crypt:2 |   25631 |   10396 |  28.9 |      37 |       9 |  19.6
    Crypt:3 |       0 |   89455 | 100.0 |       0 |     133 | 100.0
   Depths:1 |   37800 |    7427 |  16.4 |      53 |       6 |  10.2
   Depths:2 |       0 |   69700 | 100.0 |       0 |      91 | 100.0
   Depths:3 |   21694 |   46730 |  68.3 |      33 |      38 |  53.5
   Depths:4 |   26531 |   21680 |  45.0 |      40 |      26 |  39.4
   Depths:5 |   59980 |   17692 |  22.8 |      63 |       9 |  12.5
    Abyss:2 |   12837 |    1270 |   9.0 |      31 |       3 |   8.8
      Zig:1 |    1311 |       0 |   0.0 |       3 |       0 |   0.0
      Zig:2 |     659 |       0 |   0.0 |       3 |       0 |   0.0
      Zig:3 |    2160 |       0 |   0.0 |       6 |       0 |   0.0
      Zig:4 |    6078 |       0 |   0.0 |       5 |       0 |   0.0
      Zig:5 |    3753 |       0 |   0.0 |      11 |       0 |   0.0
      Zig:6 |    7525 |       0 |   0.0 |       9 |       0 |   0.0
      Zig:7 |   25452 |       0 |   0.0 |      14 |       0 |   0.0
      Zig:8 |   11878 |       0 |   0.0 |      15 |       0 |   0.0
      Zig:9 |   12242 |       0 |   0.0 |      18 |       0 |   0.0
     Zig:10 |   10651 |       0 |   0.0 |      18 |       0 |   0.0
     Zig:11 |   24711 |    2431 |   9.0 |      22 |       4 |  15.4
     Zig:12 |   22744 |       0 |   0.0 |      27 |       0 |   0.0
     Zig:13 |   27031 |       0 |   0.0 |      29 |       0 |   0.0
     Zig:14 |   28010 |       0 |   0.0 |      31 |       0 |   0.0
     Zig:15 |   40090 |       0 |   0.0 |      27 |       0 |   0.0
     Zig:16 |   39777 |       0 |   0.0 |      26 |       0 |   0.0
     Zig:17 |   33227 |   12221 |  26.9 |      41 |      22 |  34.9
     Zig:18 |   39499 |       0 |   0.0 |      39 |       0 |   0.0
      IceCv |       0 |    4167 | 100.0 |       0 |      28 | 100.0
            +---------+---------+-------+---------+---------+-------
